Flyers vs Kings

Created - January-11-13 at 19:12

Goals
1 2 3 T
Flyers 1 2 2 5
Kings 1 0 0 1
Shots
1 2 3 T
Flyers 10 9 6 25
Kings 5 9 16 30

1st period

1. Flyers , Marc-Andre Bergeron 10 (Chris Pronger, Kevin Bieksa) at 8:30 (PP)
2. Kings , Luke Adam 4 (Sergei Gonchar, Matt Duchene) at 15:15

Penalties :
Nikolai Khabibulin (LOS) for Slashing (Minor) at 1:57 - Erik Condra served the penalty., Michael Frolik (LOS) for Holding (Minor) at 7:08, David Steckel (PHI) for Roughing (Minor) at 12:11, Wojtek Wolski (LOS) for Interference (Minor) at 16:36, Jonathon Blum (LOS) for Interference (Minor) at 19:07, Marc-Andre Bergeron (PHI) for Holding (Minor) at 19:46

2nd period

3. Flyers , Steve Sullivan 6 (Nikolai Kulemin, Kyle Okposo) at 6:33
4. Flyers , Marc-Andre Bergeron 11 (Justin Williams, Chris Pronger) at 13:57

Penalties :
Luke Schenn (PHI) for Holding (Minor) at 6:46, Matt Hendricks (LOS) for Hooking (Minor) at 8:51, Luke Schenn (PHI) for Tripping (Minor) at 19:35

3rd period

5. Flyers , Marc-Andre Bergeron 12 (Kyle Brodziak, Kevin Bieksa) at 3:27
6. Flyers , David Steckel 3 (Philip Larsen, Luke Schenn) at 8:05 (PP)

Penalties :
Brian Lee (PHI) for Roughing (Minor) at 4:39, Matt Hendricks (LOS) for Holding (Minor) at 7:10, Luke Schenn (PHI) for Charging (Minor) at 18:33

Goalie Stats

Devan Dubnyk (PHI), 29 saves from 30 shots - (0.967), W, 17-13-2, 60:00 minutes
Jonathan Quick (LOS), 4 saves from 4 shots - (1.000), 11:55 minutes
Nikolai Khabibulin (LOS), 16 saves from 21 shots - (0.762), L, 4-9-0, 48:05 minutes

Players Stats for Flyers

Player Name              G  A  P  +/- PIM S  H  SB GA TA FO     MP     PP MP  PK MP  
------------------------------------------------------------------------------------
Andreas Lilja            0  0  0   1  0   0  1  0  0  0  0/0    14:58   0:00   2:03 
Brian Lee                0  0  0   0  2   0  2  0  0  0  0/0    16:15   0:00   0:42 
Chris Pronger            0  2  2   1  0   1  0  2  0  0  0/0    25:03   5:21   5:20 
David Steckel            1  0  1   0  2   3  0  0  0  0  6/12   12:29   4:04   0:00 
Gabriel Bourque          0  0  0   0  0   0  0  0  0  0  0/2     9:22   0:00   1:36 
Jack Skille              0  0  0   0  0   1  0  0  0  0  0/0     8:26   0:00   0:00 
John Madden              0  0  0   0  0   0  0  0  0  0  2/6     8:57   0:00   1:11 
Justin Williams          0  1  1   2  0   2  0  0  0  0  0/1    16:10   4:04   0:00 
Kevin Bieksa             0  2  2   0  0   1  4  2  0  0  0/0    25:25   5:21   6:15 
Kyle Brodziak            0  1  1   2  0   2  3  0  0  0  19/36  24:33   4:49   6:18 
Kyle Okposo              0  1  1   0  0   1  1  0  0  0  6/16   18:49   4:49   2:32 
Luke Schenn              0  1  1   1  6   2  4  0  0  0  0/0    19:22   3:32   1:54 
Marc-Andre Bergeron      3  0  3   2  2   7  2  0  0  0  0/5    22:47   4:48   5:53 
Mike Santorelli          0  0  0   0  0   1  0  0  0  0  0/0     7:46   0:00   0:00 
Niklas Hagman            0  0  0   0  0   1  0  0  0  0  0/0     8:26   0:00   0:00 
Nikolai Kulemin          0  1  1   0  0   0  2  0  0  0  0/1    15:32   4:04   0:00 
Philip Larsen            0  1  1   1  0   1  1  1  0  0  0/0    18:53   3:32   3:48 
Steve Sullivan           1  0  1   0  0   2  1  0  0  0  0/2    15:20   0:00   2:32 

Players Stats for Kings

Player Name              G  A  P  +/- PIM S  H  SB GA TA FO     MP     PP MP  PK MP  
------------------------------------------------------------------------------------
Antoine Vermette         0  0  0  -1  0   0  0  0  0  0  1/2     4:56   0:00   0:54 
Brian Boyle              0  0  0  -2  0   2  3  0  0  0  26/38  25:24   5:22   4:59 
Erik Condra              0  0  0  -1  0   1  0  0  0  0  0/0    17:11   5:22   2:08 
Jamie McBain             0  0  0   0  0   0  0  1  0  0  0/0    12:13   0:00   0:00 
Jarret Stoll             0  0  0  -1  0   1  0  0  0  0  1/1     4:02   0:00   0:00 
Joe Corvo                0  0  0   0  0   0  0  0  0  0  0/0    21:53   4:17   3:26 
Jonathon Blum            0  0  0   0  2   2  1  1  0  0  0/0    12:54   0:00   0:42 
Justin Faulk             0  0  0   0  0   5  1  1  0  0  0/0    21:59   4:17   3:32 
Luke Adam                1  0  1   1  0   1  1  0  0  0  1/1    17:45   4:39   0:00 
Matt Duchene             0  1  1   1  0   5  0  0  0  0  16/26  20:22   4:39   2:37 
Matt Hendricks           0  0  0  -1  4   1  5  1  0  0  0/0    12:55   0:00   0:00 
Matt Taormina            0  0  0   0  0   0  0  0  0  0  0/0     3:03   0:00   0:00 
Michael Frolik           0  0  0  -1  2   3  0  0  0  0  1/11   12:56   0:00   0:00 
Ryan Johansen            0  0  0  -1  0   3  0  0  0  0  1/1    14:57   0:00   2:00 
Sean Bergenheim          0  0  0  -1  0   0  0  0  0  0  0/0    21:31   5:22   5:08 
Sergei Gonchar           0  1  1  -2  0   1  1  1  0  0  0/0    25:44   5:44   5:17 
Vyacheslav Voynov        0  0  0  -2  0   3  1  0  0  0  0/0    22:13   5:44   4:49 
Wojtek Wolski            0  0  0   1  2   2  4  0  0  0  1/1    17:44   4:39   0:00 

3 Stars

1 - Marc-Andre Bergeron (PHI)
2 - Devan Dubnyk (PHI)
3 - Kevin Bieksa (PHI)

Power Play

Flyers - 2 on 6 Attempt(s) - 33.33%
Kings - 0 on 6 Attempt(s) - 0.00%

Penalty Kill

Flyers - 6 on 6 Attempt(s) - 100.00% - Score 0 goal in Penalty Kill
Kings - 4 on 6 Attempt(s) - 66.67% - Score 0 goal in Penalty Kill

Official

Referees : Francois StLaurent and Mike Leggo
Linesman : Mark Wheler and Shane Heyer

Game Notes

Marc-Andre Bergeron has scored a Hat Trick!
Jonathan Quick enters game at 8:05 of 3rd period

Finance

Level 1 -- Attendance: 6476 (99.63%) -- Ticket Income $518,080
Level 2 -- Attendance: 5000 (100.00%) -- Ticket Income $250,000
Level 3 -- Attendance: 3500 (100.00%) -- Ticket Income $122,500
Level 4 -- Attendance: 2118 (100.00%) -- Ticket Income $42,360
Luxury Box -- Attendance: 907 (90.70%) -- Ticket Income $181,400
Game was played at the Staples Center
Total Attendance: 18001 (99.35%)
Total Ticket Income: $1,114,340
Other Income: $167,151
Total Income: $1,281,491


% Time on Ice - Flyers

Lines # - Real PCT - Wanted PCT - Time Play
Normal Forward
1 - 30% - 40% - 12:06
2 - 29% - 35% - 11:28
3 - 21% - 15% - 8:26
4 - 20% - 10% - 7:46
Normal Defense
1 - 33% - 45% - 13:19
2 - 39% - 40% - 15:34
3 - 25% - 15% - 9:58
4 - 2% - 0% - 0:55
PP Forward
1 - 54% - 60% - 4:49
2 - 46% - 40% - 4:04
PP Defense
1 - 60% - 67% - 5:21
2 - 40% - 33% - 3:32
PK Forward
1 - 75% - 60% - 7:29
2 - 25% - 40% - 2:32
PK Defense
1 - 55% - 60% - 5:32
2 - 45% - 40% - 4:29
PK3 Forward
1 - 0% - 60%
2 - 0% - 40%
PK3 Defense
1 - 0% - 60%
2 - 0% - 40%
44 Forward
1 - 100% - 60% - 1:20
2 - 0% - 40% - 0:00
44 Defense
1 - 50% - 60% - 0:40
2 - 50% - 40% - 0:40
Last Minute Offensive  - 0:00
Last Minute Defensive  - 0:00
Total
Forward - 60:00
Defense - 60:00

% Time on Ice - Kings

Lines # - Real PCT - Wanted PCT - Time Play
Normal Forward
1 - 24% - 40% - 9:41
2 - 33% - 30% - 13:06
3 - 33% - 20% - 12:57
4 - 10% - 10% - 4:02
Normal Defense
1 - 27% - 40% - 10:47
2 - 34% - 30% - 13:43
3 - 31% - 20% - 12:13
4 - 8% - 10% - 3:03
PP Forward
1 - 54% - 60% - 5:22
2 - 46% - 40% - 4:39
PP Defense
1 - 57% - 60% - 5:44
2 - 43% - 40% - 4:17
PK Forward
1 - 68% - 60% - 6:05
2 - 32% - 40% - 2:48
PK Defense
1 - 60% - 60% - 5:21
2 - 40% - 40% - 3:32
PK3 Forward
1 - 0% - 60%
2 - 0% - 40%
PK3 Defense
1 - 0% - 60%
2 - 0% - 40%
44 Forward
1 - 100% - 60% - 1:20
2 - 0% - 40% - 0:00
44 Defense
1 - 66% - 60% - 0:53
2 - 34% - 40% - 0:27
Last Minute Offensive  - 0:00
Last Minute Defensive  - 0:00
Total
Forward - 60:00
Defense - 60:00

Play by Play

1st period


0:01 of 1st period - Brian Boyle wins face-off versus Kyle Brodziak in neutral zone.
0:08 of 1st period - Icing by Luke Schenn.
0:09 of 1st period - Kyle Brodziak wins face-off versus Matt Duchene in Flyers zone.
0:30 of 1st period - Shot by Matt Duchene.
0:30 of 1st period - Shot Misses the Net.
1:43 of 1st period - Off-side.
1:44 of 1st period - Brian Boyle wins face-off versus David Steckel in neutral zone.
1:53 of 1st period - Shot by David Steckel.
1:53 of 1st period - Shot Misses the Net.
1:55 of 1st period - Shot by Philip Larsen.
1:55 of 1st period - Stopped by Nikolai Khabibulin with a rebound.
1:57 of 1st period - Shot by David Steckel.
1:57 of 1st period - Stopped by Nikolai Khabibulin without a rebound.
1:57 of 1st period - Minor Penalty to Nikolai Khabibulin for Slashing.
1:58 of 1st period - Kyle Brodziak wins face-off versus Brian Boyle in Kings zone.
2:01 of 1st period - Shot by Kevin Bieksa.
2:01 of 1st period - Shot Misses the Net.
2:03 of 1st period - Shot by Marc-Andre Bergeron.
2:03 of 1st period - Shot Misses the Net.
2:18 of 1st period - Icing by Chris Pronger.
2:19 of 1st period - Kyle Brodziak wins face-off versus Brian Boyle in Flyers zone.
3:37 of 1st period - Off-side.
3:38 of 1st period - Brian Boyle wins face-off versus Kyle Brodziak in neutral zone.
3:49 of 1st period - Shot by Kyle Brodziak.
3:49 of 1st period - Shot Misses the Net.
3:51 of 1st period - Shot by Kevin Bieksa.
3:51 of 1st period - Stopped by Nikolai Khabibulin with a rebound.
3:53 of 1st period - Shot by Chris Pronger.
3:53 of 1st period - Shot Misses the Net.
4:55 of 1st period - Off-side.
4:56 of 1st period - Kyle Okposo wins face-off versus Matt Duchene in neutral zone.
5:12 of 1st period - Kyle Okposo is hit by Vyacheslav Voynov.
5:18 of 1st period - Shot by Nikolai Kulemin.
5:18 of 1st period - Shot Misses the Net.
5:20 of 1st period - Shot by Kyle Okposo.
5:20 of 1st period - Shot Misses the Net.
7:04 of 1st period - Icing by Kevin Bieksa.
7:05 of 1st period - David Steckel wins face-off versus Michael Frolik in Flyers zone.
7:05 of 1st period - David Steckel is hit by Matt Hendricks.
7:08 of 1st period - Minor Penalty to Michael Frolik for Holding.
7:09 of 1st period - Ryan Johansen wins face-off versus Kyle Brodziak in Kings zone.
7:13 of 1st period - Off-side.
7:14 of 1st period - Brian Boyle wins face-off versus David Steckel in neutral zone.
8:26 of 1st period - Shot by Marc-Andre Bergeron.
8:26 of 1st period - Stopped by Nikolai Khabibulin with a rebound.
8:28 of 1st period - Shot by Marc-Andre Bergeron.
8:28 of 1st period - Shot Misses the Net.
8:30 of 1st period - Shot by Marc-Andre Bergeron.
8:30 of 1st period - Goal by Marc-Andre Bergeron - Flyers : 1 - Kings : 0.
8:31 of 1st period - Matt Duchene wins face-off versus John Madden in neutral zone.
9:18 of 1st period - Icing by Kevin Bieksa.
9:19 of 1st period - John Madden wins face-off versus Brian Boyle in Flyers zone.
9:42 of 1st period - Shot by Justin Faulk.
9:42 of 1st period - Shot Misses the Net.
9:44 of 1st period - Shot by Erik Condra.
9:44 of 1st period - Deflect By Brian Boyle.
9:44 of 1st period - Stopped by Devan Dubnyk without a rebound.
9:45 of 1st period - Kyle Brodziak wins face-off versus Michael Frolik in Flyers zone.
9:45 of 1st period - Kyle Brodziak is hit by Matt Hendricks.
10:00 of 1st period - Icing by Chris Pronger.
10:01 of 1st period - Brian Boyle wins face-off versus Kyle Brodziak in Flyers zone.
10:01 of 1st period - Brian Boyle is hit by Luke Schenn.
10:17 of 1st period - Jamie McBain is hit by Kyle Brodziak and loses puck.
10:30 of 1st period - Shot by Marc-Andre Bergeron.
10:30 of 1st period - Shot Misses the Net.
10:32 of 1st period - Shot by Chris Pronger.
10:32 of 1st period - Stopped by Nikolai Khabibulin with a rebound.
12:11 of 1st period - Minor Penalty to David Steckel for Roughing.
12:12 of 1st period - Brian Boyle wins face-off versus Marc-Andre Bergeron in Flyers zone.
13:59 of 1st period - Shot by Marc-Andre Bergeron.
13:59 of 1st period - Deflect By Kyle Brodziak.
13:59 of 1st period - Shot Misses the Net.
14:53 of 1st period - Icing by Matt Hendricks.
14:54 of 1st period - Kyle Okposo wins face-off versus Michael Frolik in Kings zone.
15:15 of 1st period - Shot by Luke Adam.
15:15 of 1st period - Goal by Luke Adam - Flyers : 1 - Kings : 1.
15:16 of 1st period - John Madden wins face-off versus Matt Duchene in neutral zone.
15:21 of 1st period - Shot by Mike Santorelli.
15:21 of 1st period - Stopped by Nikolai Khabibulin without a rebound.
15:22 of 1st period - Kyle Brodziak wins face-off versus Matt Duchene in Kings zone.
15:30 of 1st period - Icing by Vyacheslav Voynov.
15:31 of 1st period - Matt Duchene wins face-off versus Kyle Brodziak in Kings zone.
15:45 of 1st period - Shot by Sergei Gonchar.
15:45 of 1st period - Stopped by Devan Dubnyk without a rebound.
15:46 of 1st period - Brian Boyle wins face-off versus Steve Sullivan in Flyers zone.
15:47 of 1st period - Shot by Erik Condra.
15:47 of 1st period - Shot Misses the Net.
15:49 of 1st period - Shot by Justin Faulk.
15:49 of 1st period - Stopped by Devan Dubnyk without a rebound.
15:50 of 1st period - Kyle Brodziak wins face-off versus Brian Boyle in Flyers zone.
15:50 of 1st period - Chris Pronger is hit by Brian Boyle and loses puck.
16:03 of 1st period - Shot by Marc-Andre Bergeron.
16:03 of 1st period - Stopped by Nikolai Khabibulin without a rebound.
16:04 of 1st period - Matt Duchene wins face-off versus Kyle Okposo in Kings zone.
16:25 of 1st period - Shot by Justin Faulk.
16:25 of 1st period - Stopped by Devan Dubnyk with a rebound.
16:36 of 1st period - Minor Penalty to Wojtek Wolski for Interference.
16:37 of 1st period - Kyle Brodziak wins face-off versus Brian Boyle in Kings zone.
17:08 of 1st period - Shot by Kyle Brodziak.
17:08 of 1st period - Shot Misses the Net.
17:10 of 1st period - Shot by Marc-Andre Bergeron.
17:10 of 1st period - Stopped by Nikolai Khabibulin without a rebound.
17:11 of 1st period - David Steckel wins face-off versus Matt Duchene in Kings zone.
17:19 of 1st period - Nikolai Kulemin is hit by Justin Faulk and loses puck.
17:24 of 1st period - Shot by Justin Williams.
17:24 of 1st period - Shot Misses the Net.
17:26 of 1st period - Shot by Nikolai Kulemin.
17:26 of 1st period - Shot Misses the Net.
17:28 of 1st period - Shot by David Steckel.
17:28 of 1st period - Stopped by Nikolai Khabibulin without a rebound.
17:29 of 1st period - Brian Boyle wins face-off versus David Steckel in Kings zone.
17:29 of 1st period - Vyacheslav Voynov is hit by Nikolai Kulemin and loses puck.
17:47 of 1st period - Icing by Chris Pronger.
17:48 of 1st period - Brian Boyle wins face-off versus Justin Williams in Flyers zone.
17:48 of 1st period - Brian Boyle is hit by Kevin Bieksa.
18:36 of 1st period - Shot by Marc-Andre Bergeron.
18:36 of 1st period - Shot Blocked by Jamie McBain.
19:07 of 1st period - Minor Penalty to Jonathon Blum for Interference.
19:08 of 1st period - Kyle Brodziak wins face-off versus Matt Duchene in Kings zone.
19:11 of 1st period - Shot by Kevin Bieksa.
19:11 of 1st period - Shot Misses the Net.
19:36 of 1st period - Icing by Chris Pronger.
19:37 of 1st period - Kyle Brodziak wins face-off versus Brian Boyle in Flyers zone.
19:46 of 1st period - Minor Penalty to Marc-Andre Bergeron for Holding.
19:47 of 1st period - Kyle Brodziak wins face-off versus Brian Boyle in Flyers zone.

2nd period


0:01 of 2nd period - Brian Boyle wins face-off versus Kyle Brodziak in neutral zone.
0:35 of 2nd period - Shot by Brian Boyle.
0:35 of 2nd period - Shot Misses the Net.
0:37 of 2nd period - Shot by Vyacheslav Voynov.
0:37 of 2nd period - Shot Misses the Net.
0:39 of 2nd period - Shot by Brian Boyle.
0:39 of 2nd period - Stopped by Devan Dubnyk without a rebound.
0:40 of 2nd period - Brian Boyle wins face-off versus Kyle Brodziak in Flyers zone.
1:07 of 2nd period - Shot by Steve Sullivan.
1:07 of 2nd period - Shot Misses the Net.
1:39 of 2nd period - Shot by Luke Adam.
1:39 of 2nd period - Shot Misses the Net.
1:41 of 2nd period - Shot by Sergei Gonchar.
1:41 of 2nd period - Shot Misses the Net.
2:08 of 2nd period - Ryan Johansen is hit by Andreas Lilja and loses puck.
2:13 of 2nd period - Shot by Michael Frolik.
2:13 of 2nd period - Deflect By Ryan Johansen.
2:13 of 2nd period - Shot Misses the Net.
2:46 of 2nd period - Icing by Andreas Lilja.
2:47 of 2nd period - Matt Duchene wins face-off versus David Steckel in Flyers zone.
2:50 of 2nd period - Shot by Matt Duchene.
2:50 of 2nd period - Stopped by Devan Dubnyk without a rebound.
2:51 of 2nd period - Matt Duchene wins face-off versus Kyle Brodziak in Flyers zone.
2:51 of 2nd period - Matt Duchene is hit by Brian Lee.
3:34 of 2nd period - Justin Williams is hit by Wojtek Wolski.
4:26 of 2nd period - Icing by Sergei Gonchar.
4:27 of 2nd period - Brian Boyle wins face-off versus David Steckel in Kings zone.
5:03 of 2nd period - Icing by Erik Condra.
5:04 of 2nd period - Brian Boyle wins face-off versus Kyle Okposo in Kings zone.
5:25 of 2nd period - Shot by Ryan Johansen.
5:25 of 2nd period - Stopped by Devan Dubnyk without a rebound.
5:26 of 2nd period - Matt Duchene wins face-off versus John Madden in Flyers zone.
5:50 of 2nd period - Shot by Wojtek Wolski.
5:50 of 2nd period - Stopped by Devan Dubnyk without a rebound.
5:51 of 2nd period - Kyle Brodziak wins face-off versus Michael Frolik in Flyers zone.
6:16 of 2nd period - Kyle Brodziak is hit by Matt Hendricks and loses puck.
6:29 of 2nd period - Shot by Marc-Andre Bergeron.
6:29 of 2nd period - Stopped by Nikolai Khabibulin without a rebound.
6:30 of 2nd period - Kyle Okposo wins face-off versus Brian Boyle in Kings zone.
6:31 of 2nd period - Shot by Nikolai Kulemin.
6:31 of 2nd period - Shot Misses the Net.
6:33 of 2nd period - Shot by Nikolai Kulemin.
6:33 of 2nd period - Deflect By Steve Sullivan.
6:33 of 2nd period - Goal by Steve Sullivan - Flyers : 2 - Kings : 1.
6:34 of 2nd period - Brian Boyle wins face-off versus Kyle Okposo in neutral zone.
6:46 of 2nd period - Minor Penalty to Luke Schenn for Holding.
6:47 of 2nd period - Luke Adam wins face-off versus Marc-Andre Bergeron in Flyers zone.
6:47 of 2nd period - Sergei Gonchar is hit by Kevin Bieksa and loses puck.
7:00 of 2nd period - Shot by Wojtek Wolski.
7:00 of 2nd period - Shot Misses the Net.
7:29 of 2nd period - Icing by Vyacheslav Voynov.
7:30 of 2nd period - Kyle Okposo wins face-off versus Matt Duchene in Kings zone.
7:30 of 2nd period - Steve Sullivan is hit by Sergei Gonchar and loses puck.
7:36 of 2nd period - Sergei Gonchar is hit by Philip Larsen and loses puck.
7:51 of 2nd period - Chris Pronger is hit by Brian Boyle and loses puck.
8:02 of 2nd period - Kyle Okposo is hit by Brian Boyle.
8:31 of 2nd period - Justin Faulk is hit by Steve Sullivan and loses puck.
8:51 of 2nd period - Minor Penalty to Matt Hendricks for Hooking.
8:52 of 2nd period - David Steckel wins face-off versus Brian Boyle in Kings zone.
9:43 of 2nd period - Shot by Luke Schenn.
9:43 of 2nd period - Shot Blocked by Justin Faulk.
9:45 of 2nd period - Shot by Kyle Brodziak.
9:45 of 2nd period - Stopped by Nikolai Khabibulin with a rebound.
9:47 of 2nd period - Shot by Luke Schenn.
9:47 of 2nd period - Stopped by Nikolai Khabibulin without a rebound.
9:48 of 2nd period - Kyle Brodziak wins face-off versus Brian Boyle in Kings zone.
12:16 of 2nd period - Shot by Jarret Stoll.
12:16 of 2nd period - Stopped by Devan Dubnyk with a rebound.
13:07 of 2nd period - Icing by Andreas Lilja.
13:08 of 2nd period - Matt Duchene wins face-off versus John Madden in Flyers zone.
13:19 of 2nd period - Shot by Wojtek Wolski.
13:19 of 2nd period - Stopped by Devan Dubnyk with a rebound.
13:47 of 2nd period - Off-side.
13:48 of 2nd period - Kyle Brodziak wins face-off versus Michael Frolik in neutral zone.
13:55 of 2nd period - Shot by Justin Williams.
13:55 of 2nd period - Stopped by Nikolai Khabibulin with a rebound.
13:57 of 2nd period - Shot by Marc-Andre Bergeron.
13:57 of 2nd period - Goal by Marc-Andre Bergeron - Flyers : 3 - Kings : 1.
13:58 of 2nd period - Brian Boyle wins face-off versus Kyle Okposo in neutral zone.
13:58 of 2nd period - Brian Boyle is hit by Kyle Okposo.
14:20 of 2nd period - Shot by Steve Sullivan.
14:20 of 2nd period - Stopped by Nikolai Khabibulin without a rebound.
14:21 of 2nd period - Kyle Brodziak wins face-off versus Michael Frolik in Kings zone.
14:52 of 2nd period - Justin Faulk is hit by Kyle Brodziak and loses puck.
15:24 of 2nd period - Icing by Kevin Bieksa.
15:25 of 2nd period - Matt Duchene wins face-off versus Steve Sullivan in Flyers zone.
15:25 of 2nd period - Luke Adam is hit by Luke Schenn and loses puck.
15:34 of 2nd period - Shot by Nikolai Kulemin.
15:34 of 2nd period - Shot Blocked by Jonathon Blum.
15:36 of 2nd period - Shot by Kyle Okposo.
15:36 of 2nd period - Stopped by Nikolai Khabibulin without a rebound.
15:37 of 2nd period - David Steckel wins face-off versus Brian Boyle in Kings zone.
15:40 of 2nd period - Shot by Niklas Hagman.
15:40 of 2nd period - Stopped by Nikolai Khabibulin without a rebound.
15:41 of 2nd period - Brian Boyle wins face-off versus Nikolai Kulemin in Kings zone.
15:57 of 2nd period - Off-side.
15:58 of 2nd period - Kyle Brodziak wins face-off versus Matt Duchene in neutral zone.
16:08 of 2nd period - Off-side.
16:09 of 2nd period - Brian Boyle wins face-off versus Kyle Okposo in neutral zone.
16:11 of 2nd period - Erik Condra is hit by Luke Schenn and loses puck.
17:28 of 2nd period - Shot by Luke Adam.
17:28 of 2nd period - Shot Blocked by Kevin Bieksa.
17:40 of 2nd period - Marc-Andre Bergeron is hit by Wojtek Wolski and loses puck.
17:57 of 2nd period - Brian Lee is hit by Matt Hendricks and loses puck.
18:04 of 2nd period - Shot by Jonathon Blum.
18:04 of 2nd period - Stopped by Devan Dubnyk with a rebound.
18:06 of 2nd period - Shot by Matt Hendricks.
18:06 of 2nd period - Stopped by Devan Dubnyk without a rebound.
18:07 of 2nd period - David Steckel wins face-off versus Antoine Vermette in Flyers zone.
19:35 of 2nd period - Minor Penalty to Luke Schenn for Tripping.
19:36 of 2nd period - Matt Duchene wins face-off versus Kyle Brodziak in Flyers zone.
19:37 of 2nd period - Shot by Justin Faulk.
19:37 of 2nd period - Shot Misses the Net.
19:39 of 2nd period - Shot by Justin Faulk.
19:39 of 2nd period - Stopped by Devan Dubnyk without a rebound.
19:40 of 2nd period - Matt Duchene wins face-off versus Kyle Brodziak in Flyers zone.
19:41 of 2nd period - Shot by Justin Faulk.
19:41 of 2nd period - Shot Misses the Net.

3rd period


0:01 of 3rd period - Brian Boyle wins face-off versus Kyle Brodziak in neutral zone.
0:12 of 3rd period - Icing by Sergei Gonchar.
0:13 of 3rd period - Brian Boyle wins face-off versus Kyle Brodziak in Kings zone.
0:15 of 3rd period - Icing by Vyacheslav Voynov.
0:16 of 3rd period - Brian Boyle wins face-off versus Marc-Andre Bergeron in Kings zone.
0:34 of 3rd period - Vyacheslav Voynov is hit by Kevin Bieksa and loses puck.
1:36 of 3rd period - Shot by Matt Duchene.
1:36 of 3rd period - Deflect By Michael Frolik.
1:36 of 3rd period - Stopped by Devan Dubnyk with a rebound.
2:29 of 3rd period - Off-side.
2:30 of 3rd period - Matt Duchene wins face-off versus Gabriel Bourque in neutral zone.
3:01 of 3rd period - Shot by Matt Duchene.
3:01 of 3rd period - Stopped by Devan Dubnyk without a rebound.
3:02 of 3rd period - Jarret Stoll wins face-off versus Kyle Brodziak in Flyers zone.
3:02 of 3rd period - Matt Taormina is hit by Kevin Bieksa and loses puck.
3:27 of 3rd period - Shot by Marc-Andre Bergeron.
3:27 of 3rd period - Goal by Marc-Andre Bergeron - Flyers : 4 - Kings : 1.
3:28 of 3rd period - Kyle Okposo wins face-off versus Michael Frolik in neutral zone.
4:01 of 3rd period - Shot by Kyle Okposo.
4:01 of 3rd period - Shot Blocked by Matt Hendricks.
4:37 of 3rd period - Sergei Gonchar is hit by Brian Lee and loses puck.
4:39 of 3rd period - Minor Penalty to Brian Lee for Roughing.
4:40 of 3rd period - Matt Duchene wins face-off versus Kyle Brodziak in Flyers zone.
4:53 of 3rd period - Shot by Vyacheslav Voynov.
4:53 of 3rd period - Shot Misses the Net.
4:55 of 3rd period - Shot by Vyacheslav Voynov.
4:55 of 3rd period - Stopped by Devan Dubnyk without a rebound.
4:56 of 3rd period - Brian Boyle wins face-off versus Marc-Andre Bergeron in Flyers zone.
5:03 of 3rd period - Brian Boyle is hit by Marc-Andre Bergeron and loses puck.
5:23 of 3rd period - Shot by Vyacheslav Voynov.
5:23 of 3rd period - Stopped by Devan Dubnyk with a rebound.
6:05 of 3rd period - Shot by Matt Duchene.
6:05 of 3rd period - Stopped by Devan Dubnyk without a rebound.
6:06 of 3rd period - Kyle Okposo wins face-off versus Brian Boyle in Flyers zone.
6:22 of 3rd period - Shot by Erik Condra.
6:22 of 3rd period - Stopped by Devan Dubnyk without a rebound.
6:23 of 3rd period - Wojtek Wolski wins face-off versus Kyle Brodziak in Flyers zone.
6:26 of 3rd period - Shot by Vyacheslav Voynov.
6:26 of 3rd period - Stopped by Devan Dubnyk with a rebound.
6:38 of 3rd period - Shot by Luke Adam.
6:38 of 3rd period - Shot Blocked by Chris Pronger.
7:02 of 3rd period - Shot by Matt Hendricks.
7:02 of 3rd period - Shot Blocked by Philip Larsen.
7:10 of 3rd period - Minor Penalty to Matt Hendricks for Holding.
7:11 of 3rd period - Brian Boyle wins face-off versus Kyle Okposo in Kings zone.
7:11 of 3rd period - Brian Boyle is hit by Marc-Andre Bergeron.
8:03 of 3rd period - Shot by Philip Larsen.
8:03 of 3rd period - Shot Misses the Net.
8:05 of 3rd period - Shot by David Steckel.
8:05 of 3rd period - Goal by David Steckel - Flyers : 5 - Kings : 1.
8:05 of 3rd period - Jonathan Quick enters game.
8:06 of 3rd period - Matt Duchene wins face-off versus John Madden in neutral zone.
8:22 of 3rd period - Icing by Mike Santorelli.
8:23 of 3rd period - Michael Frolik wins face-off versus Gabriel Bourque in Flyers zone.
8:56 of 3rd period - Shot by Ryan Johansen.
8:56 of 3rd period - Shot Misses the Net.
9:04 of 3rd period - Shot by Ryan Johansen.
9:04 of 3rd period - Stopped by Devan Dubnyk without a rebound.
9:05 of 3rd period - Brian Boyle wins face-off versus Marc-Andre Bergeron in Flyers zone.
9:36 of 3rd period - Shot by Justin Williams.
9:36 of 3rd period - Stopped by Jonathan Quick with a rebound.
10:06 of 3rd period - Andreas Lilja is hit by Wojtek Wolski.
10:09 of 3rd period - Icing by Steve Sullivan.
10:10 of 3rd period - Matt Duchene wins face-off versus Kyle Okposo in Flyers zone.
10:35 of 3rd period - Shot by Justin Faulk.
10:35 of 3rd period - Stopped by Devan Dubnyk without a rebound.
10:36 of 3rd period - David Steckel wins face-off versus Michael Frolik in Flyers zone.
10:55 of 3rd period - Shot by Jack Skille.
10:55 of 3rd period - Stopped by Jonathan Quick without a rebound.
10:56 of 3rd period - Kyle Brodziak wins face-off versus Matt Duchene in Kings zone.
11:09 of 3rd period - Shot by Kyle Brodziak.
11:09 of 3rd period - Stopped by Jonathan Quick without a rebound.
11:10 of 3rd period - Brian Boyle wins face-off versus Kyle Okposo in Kings zone.
12:03 of 3rd period - Matt Duchene is hit by Nikolai Kulemin and loses puck.
12:20 of 3rd period - Shot by Luke Adam.
12:20 of 3rd period - Deflect By Matt Duchene.
12:20 of 3rd period - Stopped by Devan Dubnyk without a rebound.
12:21 of 3rd period - Kyle Brodziak wins face-off versus Michael Frolik in Flyers zone.
12:21 of 3rd period - Kyle Brodziak is hit by Matt Hendricks.
12:31 of 3rd period - Shot by Michael Frolik.
12:31 of 3rd period - Stopped by Devan Dubnyk without a rebound.
12:32 of 3rd period - Kyle Brodziak wins face-off versus Matt Duchene in Flyers zone.
12:32 of 3rd period - Kyle Brodziak is hit by Luke Adam.
13:58 of 3rd period - Shot by Joe Corvo.
13:58 of 3rd period - Deflect By Brian Boyle.
13:58 of 3rd period - Shot Misses the Net.
14:28 of 3rd period - Shot by Jonathon Blum.
14:28 of 3rd period - Stopped by Devan Dubnyk with a rebound.
14:38 of 3rd period - Shot by Michael Frolik.
14:38 of 3rd period - Shot Misses the Net.
15:20 of 3rd period - Shot by Luke Adam.
15:20 of 3rd period - Shot Blocked by Kevin Bieksa.
15:24 of 3rd period - Shot by Matt Duchene.
15:24 of 3rd period - Stopped by Devan Dubnyk without a rebound.
15:25 of 3rd period - Antoine Vermette wins face-off versus Kyle Brodziak in Flyers zone.
16:14 of 3rd period - Justin Faulk is hit by Kyle Brodziak and loses puck.
17:11 of 3rd period - Shot by Matt Duchene.
17:11 of 3rd period - Shot Misses the Net.
17:31 of 3rd period - Chris Pronger is hit by Wojtek Wolski and loses puck.
17:38 of 3rd period - Shot by Gabriel Bourque.
17:38 of 3rd period - Shot Blocked by Sergei Gonchar.
17:40 of 3rd period - Shot by Luke Schenn.
17:40 of 3rd period - Stopped by Jonathan Quick without a rebound.
17:41 of 3rd period - Kyle Brodziak wins face-off versus Michael Frolik in Kings zone.
17:41 of 3rd period - Kyle Brodziak is hit by Jonathon Blum.
18:09 of 3rd period - Shot by Michael Frolik.
18:09 of 3rd period - Stopped by Devan Dubnyk with a rebound.
18:11 of 3rd period - Shot by Ryan Johansen.
18:11 of 3rd period - Stopped by Devan Dubnyk without a rebound.
18:12 of 3rd period - Brian Boyle wins face-off versus David Steckel in Flyers zone.
18:32 of 3rd period - Matt Taormina is hit by Luke Schenn and loses puck.
18:33 of 3rd period - Minor Penalty to Luke Schenn for Charging.
18:34 of 3rd period - Matt Duchene wins face-off versus Kyle Brodziak in Flyers zone.
18:43 of 3rd period - Shot by Vyacheslav Voynov.
18:43 of 3rd period - Shot Misses the Net.
18:45 of 3rd period - Shot by Sergei Gonchar.
18:45 of 3rd period - Shot Misses the Net.
18:51 of 3rd period - Shot by Sergei Gonchar.
18:51 of 3rd period - Shot Blocked by Chris Pronger.
19:01 of 3rd period - Shot by Matt Duchene.
19:01 of 3rd period - Shot Misses the Net.
19:31 of 3rd period - Icing by Brian Boyle.
19:32 of 3rd period - Brian Boyle wins face-off versus Kyle Okposo in Kings zone.
19:49 of 3rd period - Shot by Joe Corvo.
19:49 of 3rd period - Shot Misses the Net.
19:51 of 3rd period - Shot by Justin Faulk.
19:51 of 3rd period - Stopped by Devan Dubnyk without a rebound.
19:52 of 3rd period - Matt Duchene wins face-off versus Kyle Okposo in Flyers zone.


Output by the SimonT Hockey Simulator (STHS) for Stephane Roy -- Original Page W3C XHTML 1.0 Valid
Hockey Simulator - Hockey Simulation - Hockey Manager